 Dungeon Crawl Stone Soup version 0.31-a0-1074-g0b22e4e0f1 (webtiles) character file.

Game seed: 11775824826896636006

82854 drugrobin the Black Belt (level 14, -6/113 HPs)
             Began as a Demigod Delver on Dec 8, 2023.
             Mangled by a death yak (13 damage)
             ... on level 5 of the Lair of Beasts.
             The game lasted 01:16:29 (24437 turns).

drugrobin the Black Belt (Demigod Delver)          Turns: 24437, Time: 01:16:30

Health: -6/113     AC: 12    Str: 16    XL:     14   Next: 91%
Magic:  13/24      EV: 14    Int: 16    God:
Gold:   1062       SH:  7    Dex: 27    Spells: 10/21 levels left

rFire   . .          .
                       - Unarmed
rCold   . . .        a - +1 buckler of the Exceptional God {Str+3}
rNeg    . . .        s - +0 acid dragon scales
rPois   +            R - +0 helmet
rElec   .            o - +2 cloak
rCorr   +            j - +0 pair of gloves
SInv    .            u - +0 pair of boots
Will    +....        E - amulet of regeneration
Stlth   +++          g - ring of poison resistance
HPRegen 1.18/turn    r - ring of wizardry
MPRegen 0.19/turn

%: wizardry (x1)
@: no status effects
A: high MP 1, forlorn, divine attributes
a: no special abilities


You were on level 5 of the Lair of Beasts.
You visited 2 branches of the dungeon, and saw 16 of its levels.
You also visited: Bailey.

You collected 1138 gold pieces.
You spent 76 gold pieces at shops.

Inventory:

Hand Weapons
 b - a +1 hand cannon of flaming
 d - a +1 dagger of venom
Missiles
 S - 2 curare-tipped darts
 Z - 2 throwing nets
Armour
 a - the +1 buckler of the Exceptional God (worn) {Str+3}
   (You found it on level 6 of the Dungeon)

   Str+3:     It affects your strength (+3).
 j - a +0 pair of gloves (worn)
 o - a +2 cloak (worn)
 s - +0 acid dragon scales (worn)
 u - a +0 pair of boots (worn)
 F - a +2 robe of cold resistance
 I - a +2 robe of fire resistance
 R - a +0 helmet (worn)
 U - a +1 plate armour of positive energy
Jewellery
 g - a ring of poison resistance (left hand)
 r - a ring of wizardry (right hand)
 v - the ring "Togriwip" {rF+ Str-4 Dex+6}
   (You found it on level 11 of the Dungeon)

   [ring of protection from fire]

   Str-4:     It affects your strength (-4).
   Dex+6:     It affects your dexterity (+6).
   rF+:       It protects you from fire.
 z - a ring of protection from cold
 C - the ring of Eqaheul {Contam Fly rPois rN+ SInv}
   (You found it on level 3 of the Lair of Beasts)

   [ring of flight]

   rPois:     It protects you from poison rN+: It protects you from negative
   energy.
   SInv:      It lets you see invisible.
   Fly:       It grants you flight.
   Contam:    It causes magical contamination when unequipped.
 E - an amulet of regeneration (around neck)
 L - the ring of Kikubaaqudgha's Hope {Ice rPois Int-3 SInv}
   (You acquired it on level 9 of the Dungeon)

   [ring of ice]

   Ice:       It enhances your ice magic.
   Int-3:     It affects your intelligence (-3).
   rF-:       It makes you vulnerable to fire.
   rC+:       It protects you from cold.
   rPois:     It protects you from poison SInv: It lets you see invisible.
Talismans
 O - a blade talisman
Wands
 f - a wand of digging (24)
 m - a wand of polymorph (5)
 x - a wand of mindburst (3)
 B - a wand of quicksilver (5)
 D - a wand of paralysis (7)
 G - a wand of roots (17)
Scrolls
 c - a scroll of vulnerability
 i - a scroll of summoning
 p - 8 scrolls of teleportation
 t - 2 scrolls of revelation
 y - 2 scrolls of fog
 A - 4 scrolls of poison
 V - 2 scrolls of immolation
Potions
 e - 3 potions of haste
 h - a potion of ambrosia
 k - 7 potions of curing
 l - 2 potions of cancellation
 n - 6 potions of heal wounds
 q - a potion of lignification
 w - 4 potions of resistance
 H - a potion of attraction {unknown}
 T - a potion of magic {unknown}
 X - 4 potions of might {unknown}
Miscellaneous
 P - a sack of spiders
 Q - a phial of floods


   Skills:
 + Level 7.4 Fighting
 + Level 3.8 Dodging
 - Level 4.5 Stealth
 - Level 18.0 Unarmed Combat
 - Level 4.0 Spellcasting
 + Level 4.0 Conjurations
 - Level 4.0 Earth Magic
 - Level 5.0 Evocations
 - Level 10.0 Shapeshifting


You had 10 spell levels left.
You knew the following spells:

 Your Spells              Type           Power      Damage    Failure   Level
a - Stone Arrow           Conj/Erth      32%        3d9       8%          3
b - Animate Armour        Summ/Erth      18%        N/A       45%         4
c - Iskenderun's Mystic   Conj/Tloc      9%         2d4       45%         4

Your spell library contained the following spells:

 Spells                   Type           Power      Damage    Failure   Level
 Kiss of Death            Conj/Necr      36%        2d8       6%          1
 Static Discharge         Conj/Air       18%        3-4/arc   9%          2
 Freeze                   Ice            12%        1d3       12%         1
 Hailstorm                Conj/Ice       9%         3d4       16%         3
 Frozen Ramparts          Ice            6%         1d1       34%         3
 Tukima's Dance           Hex            3%         N/A       34%         3
 Lee's Rapid Deconstruct  Erth           8%         3d7*      52%         5
 Airstrike                Air            1%         2d(1-17)  73%         4
 Dimensional Bullseye     Hex/Tloc       1%         N/A       73%         4
 Summon Lightning Spire   Summ/Air       3%         N/A       73%         4
 Lehudib's Crystal Spear  Conj/Erth      8%         10d3      100%        8


Dungeon Overview and Level Annotations

Branches:
Dungeon (11/15)            Temple (0/1) D:7            Lair (5/5) D:10
  Swamp (0/4) Lair:2       Spider (0/4) Lair:3        Slime (0/5) Lair:4
    Orc (0/2) D:9          Bailey (visited)

Shops:
D:5 [(*[

Annotations:
D:2 exclusion: downstairs
D:6 3 runed translucent doors, quinnr's ghost, novice TeAE
D:10 Erolcha
Lair:1 1 runed translucent door, olddryhag's ghost, journeyman TrFi
Lair:2 3 runed translucent doors, BubbleThief's ghost, journeyman DsCA; drugrobin's ghost, journeyman DgDe
Lair:4 exclusion: 4 oklob plants, Rupert


Innate Abilities, Weirdness & Mutations

You have an increased reservoir of magic. (+10% MP)
You shall have no god before yourself.
Your divine heritage dramatically boosts your attributes as you level up.


Message History

You hit the death yak but do no damage. The yak barely misses you.
Your animated acid dragon scales hits the yak!
The yak dies!
The death yak gores you but does no damage.
Unknown command.
Unknown command.
You hit the death yak but do no damage. The death yak gores you!
The yak gores you!
Your animated acid dragon scales hits the yak!! x2
The yak gores your animated acid dragon scales but does no damage.
Unknown command.
You barely miss the death yak. The death yak gores you! x2
You block the yak's attack.
Unknown command.
You hit the death yak.
The death yak is lightly wounded.
Your animated acid dragon scales hits the yak!
The yak dies!
The death yak gores you!! x2
* * * LOW HITPOINT WARNING * * *
Unknown command.
Unknown command.
Unknown command.
As you read the scroll of fear, it crumbles to dust.
You assume a fearsome visage.
The death yak resists with almost no effort.
The death yak easily resists.
The yak looks frightened!
The death yak closely misses you.
The death yak gores you but does no damage.
Unknown command.
Unknown command.
Unknown command.
The death yak attacks as it pursues you!
The death yak gores you!
* * * LOW HITPOINT WARNING * * *
Unknown command.
You feel much better. The death yak gores you!!
* * * LOW HITPOINT WARNING * * *
The death yak gores you!
You die...

####....#..#................## #
#.#..........................###
###.#..........................#
#.......#.#.#.#..##.#####......##
#......###.##.#(#.### #........
#......# ########## ####.......
.....†.########.#######P....##...
...#..†.#..#.#...##.P###...##....
..#.#..[...Y...Y@...P.#.#.###.#..
#####.#.........Y........#.######
# ##.P......[.............# # #
#.......##P.#..#....††..### #
##.....#####..#####.....#.#
#P#....#.# #####.#........##
###.....#### #######..÷......#.##
##......# #..#.....#.#.......#
###....## ###........####.#...##


You could see 2 death yaks, a yak (fleeing, ally target) and a friendly animated
acid dragon scales (summoned).

Vanquished Creatures
  4 hydras
  A catoblepas (Lair:5)
  2 two-headed ogres
  9 death yaks
  8 nameless horrors
  An orc knight (Bailey)
  A deep elf zephyrmancer (Bailey)
  2 ugly things
  2 manticores (D:7)
  7 elephants
  2 black mambas
  14 cane toads
  Maggie (D:7)
  An unseen horror (D:7)
  A gargoyle (D:7)
  9 komodo dragons
  3 trolls
  3 polar bears
  4 dream sheep (Lair:5)
  20 blink frogs
  A slime creature (D:6)
  A wraith (D:11)
  A shadow (D:11)
  6 wyverns
  59 yaks
  Grum (D:10)
  4 basilisks
  3 steam dragons
  A vampire mosquito (D:6)
  Edmund (D:4)
  3 swamp worms (Lair:2)
  2 acid dragons
  10 two-headed ogre zombies (D:10)
  15 water moccasins
  12 orc warriors
  8 ogres
  2 black bears
  8 centaurs
  16 wolves
  11 bullfrogs
  3 kobold brigands
  A gnoll sergeant (D:11)
  4 scorpions
  A wight (D:10)
  8 killer bees
  2 howler monkeys
  An electric eel (Lair:1)
  14 hounds
  A jelly (D:7)
  3 orc priests
  A gnoll bouda (D:7)
  3 sleepcaps (D:7)
  4 iguanas
  16 orc wizards
  2 ogre zombies (D:10)
  21 gnolls
  3 adders
  A shadow imp (D:6)
  A white imp (D:7)
  4 ufetubi
  A worm (D:2)
  A dart slug (D:1)
  47 orcs
  5 endoplasms
  2 giant cockroaches
  4 goblins
  8 hobgoblins
  2 jackals (D:2)
  4 quokkas
  4 ball pythons
  5 bats
  5 frilled lizards
  14 kobolds
  4 rats
460 creatures vanquished.

Vanquished Creatures (collateral kills)
  A two-headed ogre (D:11)
  5 death yaks
  A skyshark (Lair:5)
  An elephant (Lair:5)
  A cane toad (Lair:2)
  2 komodo dragons
  A troll (D:11)
  A tyrant leech (Lair:2)
  3 blink frogs
  A shadow (D:11)
  5 yaks (Lair:5)
  A wolf (Lair:1)
23 creatures vanquished.

Grand Total: 483 creatures vanquished

Notes
Turn   | Place    | Note
-------+----------+-------------------------------------------
     0 | D:5      | drugrobin the Demigod Delver began the quest for the Orb.
     0 | D:5      | Reached XP level 1. HP: 18/18 MP: 3/3
    27 | D:5      | Found Hen Gao's Antique Armour Boutique.
    42 | D:5      | Noticed an iguana
    42 | D:5      | Noticed a hound
    42 | D:5      | Noticed an ogre
   123 | D:4      | Noticed an ogre
   194 | D:4      | Reached skill level 2 in Unarmed Combat
   307 | D:3      | Noticed an orc priest
   506 | D:2      | Got Plato's Atlas of Wicked Secrets
   534 | D:2      | Reached XP level 2. HP: 19/25 MP: 4/4
   743 | D:2      | Reached skill level 3 in Unarmed Combat
  1270 | D:1      | Reached XP level 3. HP: 30/30 MP: 5/5
  1886 | D:2      | Reached skill level 4 in Unarmed Combat
  1892 | D:2      | Reached XP level 4. HP: 21/37 MP: 6/6
  2739 | D:3      | Reached skill level 5 in Unarmed Combat
  2781 | D:3      | Reached XP level 5. HP: 38/42 MP: 7/7
  3313 | D:4      | Noticed Edmund
  3329 | D:4      | Killed Edmund
  3330 | D:4      | Reached skill level 6 in Unarmed Combat
  3330 | D:4      | Reached XP level 6. HP: 39/50 MP: 8/8
  3794 | D:4      | Found the +6 shillelagh "Devastator" {shatter}
  3914 | D:5      | Reached skill level 7 in Unarmed Combat
  3914 | D:5      | Reached XP level 7. HP: 40/57 MP: 9/9
  4105 | D:5      | Found Oddaom's Antique Weapon Shoppe.
  4123 | D:5      | Noticed an animated shadow dragon scales
  4166 | D:5      | Found Lotoybic's General Store.
  4171 | D:5      | Bought a scroll of identify for 24 gold pieces
  4171 | D:5      | Bought 4 stones for 4 gold pieces
  4171 | D:5      | Bought a scroll of poison for 48 gold pieces
  4357 | D:5      | Found Ben Burch's Armour Boutique.
  4357 | D:5      | Noticed an animated shadow dragon scales
  4447 | D:5      | Noticed a steam dragon
  4460 | D:5      | Killed a steam dragon
  4461 | D:5      | Reached skill level 8 in Unarmed Combat
  4505 | D:5      | Reached XP level 8. HP: 67/67 MP: 10/10
  4635 | D:6      | Identified the +1 buckler of the Exceptional God {Str+3}
  4851 | D:6      | Found a runed translucent gate.
  4853 | D:6      | Found a runed translucent gate.
  4855 | D:6      | Found a runed translucent gate.
  4858 | D:6      | Noticed quinnr's ghost (novice TeAE)
  4920 | D:6      | Reached skill level 5 in Fighting
  5348 | D:7      | Noticed Maggie
  5398 | D:7      | Found a staircase to the Ecumenical Temple.
  5434 | D:6      | Reached skill level 9 in Unarmed Combat
  5489 | D:7      | Noticed a gargoyle
  5657 | D:7      | Noticed a manticore
  5662 | D:7      | Killed Maggie
  5663 | D:7      | Reached skill level 1 in Evocations
  5672 | D:7      | Killed a manticore
  5673 | D:7      | Reached skill level 10 in Unarmed Combat
  5673 | D:7      | Reached XP level 9. HP: 36/74 MP: 11/11
  5793 | D:7      | Identified the +3 short sword of the Manifold Knaves {holy,
                  | Will+}
  6052 | D:7      | Noticed a manticore
  6379 | D:7      | Learned a level 3 spell: Stone Arrow
  6397 | D:7      | Killed a gargoyle
  6459 | D:7      | Reached skill level 11 in Unarmed Combat
  6516 | D:7      | Identified the +0 leather armour of the New World {rF+++
                  | rC- rN+++ Dex+3}
  6663 | D:7      | Killed a manticore
  6679 | D:7      | Noticed a white ugly thing
  6706 | D:7      | Killed a purple ugly thing
  6707 | D:7      | Reached skill level 5 in Evocations
  6943 | D:7      | Reached XP level 10. HP: 81/81 MP: 13/13
  7053 | D:6      | Reached skill level 12 in Unarmed Combat
  7452 | D:7      | Reached skill level 1 in Conjurations
  8661 | D:8      | Found a flagged portal.
  8706 | Bailey   | Entered a bailey
  8810 | Bailey   | Reached skill level 1 in Shapeshifting
  8866 | Bailey   | Noticed an orc knight
  8885 | Bailey   | Killed an orc knight
  9084 | Bailey   | Found a large runed translucent door.
  9084 | Bailey   | Found a large runed translucent door.
  9085 | Bailey   | Noticed a deep elf zephyrmancer
  9203 | Bailey   | Killed a deep elf zephyrmancer
  9209 | Bailey   | Identified the -1 helmet of Xyivi {Str+3}
 10214 | D:9      | Reached skill level 1 in Earth Magic
 10717 | D:9      | Reached skill level 13 in Unarmed Combat
 10763 | D:9      | Identified a scroll of acquirement
 10764 | D:9      | Acquired the ring of Kikubaaqudgha's Hope {Ice rPois Int-3
                  | SInv}
 10947 | D:9      | Found a staircase to the Orcish Mines.
 10963 | D:9      | Reached XP level 11. HP: 83/89 MP: 4/14
 11279 | D:9      | Learned a level 4 spell: Animate Armour
 11455 | D:10     | Entered Level 10 of the Dungeon
 11455 | D:10     | Noticed a two-headed ogre
 11469 | D:9      | Killed a two-headed ogre
 11995 | D:10     | Reached skill level 5 in Shapeshifting
 12006 | D:10     | Noticed a two-headed ogre
 12020 | D:10     | Killed a two-headed ogre
 12191 | D:10     | Noticed Erolcha
 13265 | D:10     | Noticed Grum
 13293 | D:10     | Killed Grum
 13556 | D:10     | Found a staircase to the Lair.
 13795 | D:11     | Reached skill level 14 in Unarmed Combat
 14536 | D:11     | Noticed a two-headed ogre
 14547 | D:11     | Killed a two-headed ogre
 14865 | D:11     | Identified the ring "Togriwip" {rF+ Str-4 Dex+6}
 14944 | D:11     | Identified the +0 robe "Forget-Me-Not" {rN+}
 15143 | Lair:1   | Entered Level 1 of the Lair of Beasts
 15160 | Lair:1   | Found a runed translucent door.
 15160 | Lair:1   | Noticed olddryhag's ghost (journeyman TrFi)
 15160 | Lair:1   | Noticed a +0 flail of chaos
 15442 | Lair:1   | Noticed a death yak
 15449 | Lair:1   | Noticed a nameless horror
 15459 | Lair:1   | Killed a nameless horror
 15495 | Lair:1   | Killed a death yak
 15496 | Lair:1   | Reached XP level 12. HP: 35/95 MP: 3/15
 16546 | Lair:1   | Reached skill level 1 in Spellcasting
 17610 | Lair:1   | Reached skill level 15 in Unarmed Combat
 18210 | Lair:2   | Found a staircase to the Swamp.
 18754 | Lair:2   | Found a runed translucent gate.
 18754 | Lair:2   | Found a runed translucent gate.
 18754 | Lair:2   | Found a runed translucent gate.
 18756 | Lair:2   | Noticed drugrobin's ghost (journeyman DgDe)
 18757 | Lair:2   | Noticed BubbleThief's ghost (journeyman DsCA)
 19961 | Lair:3   | Reached XP level 13. HP: 32/102 MP: 16/22
 20243 | Lair:3   | Identified the ring of Eqaheul {Contam Fly rPois rN+ SInv}
 21067 | Lair:3   | Found a hole to the Spider Nest.
 21528 | Lair:4   | Reached skill level 16 in Unarmed Combat
 21528 | Lair:4   | Reached skill level 10 in Shapeshifting
 21809 | Lair:4   | Learned a level 4 spell: Iskenderun's Mystic Blast
 21960 | Lair:4   | Noticed Rupert
 22281 | Lair:4   | Reached skill level 17 in Unarmed Combat
 22281 | Lair:4   | Reached XP level 14. HP: 113/113 MP: 24/24
 22479 | Lair:4   | Found a staircase to the Slime Pits.
 22838 | Lair:5   | Entered Level 5 of the Lair of Beasts
 23931 | Lair:5   | Reached skill level 18 in Unarmed Combat
 24437 | Lair:5   | Mangled by a death yak

Illustrated notes

Levels and vault maps discovered:
D:1:      wander_arrival_fairy_ring, layout_basic, minmay_stone_trees_large
D:2:      layout_loops_cross, basic_altar, shapermc_ecumenical_altar_rom_forum
D:3:      layout_basic, vehumet_crystals
D:4:      layout_basic, mainiacjoe_overflow_brackets, minivault_14,
          dilly_guarded_unrand_devastator, uniq_edmund
D:5:      layout_basic, serial_shops, nicolae_shop_advertising_works
          [nicolae_subvault_shop_adworks], nicolae_shop_mannequins, shop, shop
D:6:      layout_basic, gammafunk_ghost_nasty_kobolds
D:7:      minmay_the_grid_octo_tiled_squarecenter [minmay_the_grid_octo_toaster,
          minmay_the_grid_octo_empty, minmay_the_grid_octo_thin_diamonds,
          minmay_the_grid_octo_chip, minmay_the_grid_square_5x5_megaprize_open,
          minmay_the_grid_square_5x5_misaligned,
          minmay_the_grid_square_5x5_minivault,
          minmay_the_grid_square_5x5_shuriken,
          minmay_the_grid_square_5x5_empty], layout_loops_corners,
          gammafunk_temple_overflow_pools, minmay_temple_entry_junction_2,
          uniq_maggie
D:8:      layout_loops_ring, enter_bailey_6
D:9:      nicolae_cairo_tiling_large_dashed, layout_rooms,
          kennysheep_orc_monster_closet_entryway, serial_glass, glass_columns_a,
          glass_columns_b, glass_columns_b, glass_columns_a, glass_columns_a,
          glass_columns_a, item_on_display_a, due_unseen_surprise
D:10:     lemuel_ogre_cave, layout_cave_pools, nicolae_ru_the_path_less_chosen,
          serial_gnoll_camp, gnoll_camp_mini_shop, gnoll_camp_mini_hut,
          grums_kennel, gnoll_camp_mini_shop
D:11:     layout_cross
Lair:1:   layout_roguey, ebering_ghost_xom, serial_bayou_shore_a
Lair:2:   layout_chaotic_city, minmay_swamp_entry_worms,
          gammafunk_ghost_cemetery, worms_lemuel
Lair:3:   layout_cave_pods, dummy_spider_entry, infiniplex_staircase_pool_2,
          grunt_megastairs_5, lemuel_fruit_tree, serial_bayou_shore_b
Lair:4:   layout_loops_ring, minmay_slime_entry_oklob_enclosed,
          grunt_megastairs_1, lemuel_fruit_fields, uniq_rupert
Lair:5:   grunt_lair_end_beastmaster, layout_concentric_octagons

Skill      XL: |  1  2  3  4  5  6  7  8  9 10 11 12 13 14 |
---------------+-------------------------------------------+-----
Unarmed Combat | 2 3 4 5 6 7 8 10 11 13 14 15 17 18 | 18.0
Fighting       | 3 4 5 7 |  7.4
Evocations     | 2 5 |  5.0
Conjurations   | 2 4 |  4.0
Shapeshifting  | 4 7 9 10 | 10.0
Earth Magic    | 2 4 |  4.0
Spellcasting   | 4 |  4.0
Dodging        | 3 |  3.8
Stealth        | |  4.5

Action                     |  1- 3 |  4- 6 |  7- 9 | 10-12 | 13-15 || total
---------------------------+-------+-------+-------+-------+-------++-------
  Melee: Unarmed           |   105 |    22 |   190 |  1028 |   466 ||  1811
         Punch             |     2 |     1 |     2 |       |       ||     5
         Dagger            |    37 |    32 |    23 |    57 |       ||   149
         Staff             |       |       |       |     2 |       ||     2
   Fire: Hand cannon       |       |    24 |    39 |    44 |    31 ||   138
  Throw: Dart              |       |       |     1 |    13 |       ||    14
         Javelin           |       |       |       |     3 |       ||     3
   Cast: Stone Arrow       |       |       |     2 |    82 |    38 ||   122
         Animate Armour    |       |       |       |    10 |    17 ||    27
  Evoke: Wand              |       |     1 |     8 |     4 |       ||    13
         Phial of floods   |       |       |       |     2 |       ||     2
    Use: Scroll            |       |       |     5 |    12 |     2 ||    19
         Potion            |       |       |     2 |       |     2 ||     4
   Stab: Sleeping          |    16 |     1 |     6 |     5 |     1 ||    29
         Paralysed         |       |       |    11 |     4 |       ||    15
         Distracted        |       |       |       |     6 |     5 ||    11
 Armour: Leather armour    |    57 |    31 |    38 |       |       ||   126
         Steam dragon scal |       |       |   116 |   354 |       ||   470
         Plate armour      |       |       |       |    66 |       ||    66
         Acid dragon scale |       |       |       |   238 |   250 ||   488
  Dodge: Dodged            |    70 |    34 |   114 |   443 |   151 ||   812
  Block: Buckler           |       |       |    42 |   416 |   169 ||   627
         Reflection        |       |       |       |     1 |       ||     1

Table legend: (Time is in decaauts)
 A = Elapsed time spent in this place.
 B = Non-inter-level travel time spent in this place.
 C = Inter-level travel time spent in this place.
 D = Time resting spent in this place.
 E = Time spent auto-exploring this place.
 F = Levels seen in this place.
 G = Mean time per level.
                   A        B        C        D        E       F      G
               +--------+--------+--------+--------+--------+-----+--------+
         Total |  24174 |  23071 |   1103 |   5097 |  11322 |  17 | 1422.0 |
       Dungeon |  14480 |  13683 |    797 |   3429 |   6208 |  11 | 1316.4 |
          Lair |   9139 |   8834 |    305 |   1597 |   4880 |   5 | 1827.8 |
        Bailey |    553 |    553 |      0 |     70 |    234 |   1 |  553.0 |
               +--------+--------+--------+--------+--------+-----+--------+

Top non-repeatable levels by time:
  Lair:1: 2991 daAuts
     D:7: 2300 daAuts
  Lair:3: 1956 daAuts
     D:9: 1944 daAuts
    D:10: 1513 daAuts
  Lair:2: 1497 daAuts
     D:8: 1463 daAuts
  Lair:5: 1457 daAuts
     D:6: 1454 daAuts
     D:3: 1297 daAuts
  Lair:4: 1236 daAuts
    D:11: 1062 daAuts
     D:4: 981 daAuts
     D:1: 908 daAuts
     D:2: 828 daAuts
